 Dungeon Crawl Stone Soup version 0.17-a0-2144-gd7f430c (webtiles) character file.

1082 Arkorax the Skirmisher (level 8, -3/73 HPs)
             Began as a Centaur Fighter on Oct 24, 2015.
             Was an Initiate of Yredelemnul.
             Hit by a stone thrown by an orc warrior (10 damage)
             ... on level 5 of the Dungeon.
             The game lasted 00:12:39 (6163 turns).

Arkorax the Skirmisher (Centaur Fighter)            Turns: 6163, Time: 00:12:39

Health: -3/73      AC:  9    Str: 22    XL:     8   Next: 8%
Magic:  8/8        EV:  6    Int:  7    God:    Yredelemnul [......]
Gold:   150        SH:  4    Dex:  8    Spells: 0 memorised, 7 levels left

rFire  . . .     SeeInvis .     a - +0 long sword
rCold  . . .     Clarity  .     b - +0 scale mail
rNeg   . . .     SustAt   .     v - +2 buckler {AC+3}
rPois  .         Gourm    .     (no helmet)
rElec  .         Spirit   .     (no cloak)
rCorr  .         Warding  .     (no gloves)
rMut   .         Stasis   .     (no barding)
MR     .....                    (no amulet)
Stlth  ..........               (no ring)
                                (no ring)

@: very heavily drained, very quick, not resistant to hostile enchantments,
extremely unstealthy
A: hooves 3, deformed body, speed 2, tough skin 3
a: Renounce Religion


You were on level 5 of the Dungeon.
You worshipped Yredelemnul.
Yredelemnul was noncommittal.
You were not hungry.

You visited 2 branches of the dungeon, and saw 6 of its levels.

You collected 150 gold pieces.

Inventory:

Hand Weapons
 a - a +0 long sword (weapon)
 q - a +0 great sword
Missiles
 k - 12 arrows of flame
 r - 13 arrows of dispersal
 x - 3 arrows
Armour
 b - a +0 scale mail (worn)
 c - a +0 shield
 p - a +0 large shield
 v - a +2 buckler of protection (worn)
Jewellery
 e - an uncursed ring of flight {unknown}
 w - an uncursed ring of fire {unknown}
Wands
 u - a wand of cold (6)
Scrolls
 f - 2 scrolls of teleportation {unknown}
 h - a scroll of enchant weapon {unknown}
 l - a scroll of immolation {unknown}
 m - 4 scrolls of identify {unknown}
 n - 3 scrolls of recharging {unknown}
 t - a scroll of enchant armour {unknown}
Potions
 d - 2 potions of might
 g - a potion of poison {unknown}
 i - 2 potions of brilliance {unknown}
 j - 3 potions of curing {unknown}
 o - 2 potions of heal wounds {unknown}
Comestibles
 s - a slice of pizza


   Skills:
 + Level 7.1(2.8) Fighting
 - Level 6.1(2.0) Long Blades
 - Level 2.1(0.0) Armour
 * Level 2.8(0.0) Shields


You had 7 spell levels left.
You didn't know any spells.

Dungeon Overview and Level Annotations

Branches:
Dungeon (5/15)             Temple (1/1) D:4

Altars:
Ashenzari
Cheibriados
Dithmenos
Elyvilon
Fedhas
Gozag
Kikubaaqudgha
Makhleb
Nemelex Xobeh
Okawaru
Qazlal
Sif Muna
Trog
Vehumet
Xom
Yredelemnul
Zin
The Shining One

Shops:
D:4 *


Innate Abilities, Weirdness & Mutations

You have hooves in place of feet.
Armour fits poorly on your strangely shaped body.
You cover ground very quickly.
You have extremely tough skin (AC +3).


Message History

The orc warrior throws a stone.
The stone hits you but does no damage.
The orc warrior throws a stone.
The stone hits you.
The orc warrior throws a stone.
The stone closely misses you.
You slash the orc warrior!
The orc warrior is moderately wounded.
The orc warrior hits you with a battleaxe!
You hit the orc warrior but do no damage.
The orc warrior is moderately wounded.
The orc warrior hits you with a battleaxe!!
You hit the orc warrior. Your kick misses the orc warrior.
The orc warrior is heavily wounded.
The orc warrior hits you with a battleaxe.
You closely miss the orc warrior.
You kick the orc warrior, but do no damage.
The orc warrior is heavily wounded.
The orc warrior hits you with a battleaxe!!
* * * LOW HITPOINT WARNING * * *
The orc warrior throws a stone.
The stone hits you!
You die...
Your body rises from the dead as a mindless zombie.

##..Y#######..
.#...
....oo..((##..
.#..#
####.####(((..
...# ... . #.....
#..### 8. .
#....#. ..##.#
8..##....##. #.#
.. .#.###...##.
#.###.
...#.#...##.
##.@##.#....##..##
. ##..#(##.# ##.#
#...##o.#.#
#.#.##########
###.#...........
#......>........
#.#.##..<######
#.#......# #
#......#


You could see an orc warrior.

Vanquished Creatures
  The ghost of ldierk the Chopper, an amateur HOAK of Lugonu (D:4)
  Sigmund (D:3)
  2 ogres (D:4)
  A crimson imp (D:5)
  A giant frog zombie (D:4)
  A hound (D:5)
  A jelly (D:5)
  An orc priest (D:5)
  2 orc wizards
  An iguana (D:4)
  3 worker ants
  A worker ant zombie (D:5)
  7 gnolls
  5 adders
  A shadow imp (D:5)
  2 worms
  4 giant geckos
  19 orcs
  4 bats
  2 giant cockroaches
  5 goblins
  6 hobgoblins
  12 jackals
  3 quokkas
  A ball python (D:2)
  3 giant newts
  8 kobolds
  A quokka skeleton (D:5)
  4 rats
103 creatures vanquished.

Notes
Turn   | Place    | Note
--------------------------------------------------------------
     0 | D:1      | Arkorax the Centaur Fighter began the quest for the Orb.
     0 | D:1      | Reached XP level 1. HP: 19/19 MP: 1/1
    95 | D:1      | Found a glowing golden altar of the Shining One.
   857 | D:2      | Reached XP level 2. HP: 24/27 MP: 2/2
  1163 | D:2      | Reached skill level 4 in Fighting
  1182 | D:2      | Reached XP level 3. HP: 30/33 MP: 3/3
  1977 | D:3      | Noticed Sigmund
  2006 | D:3      | Killed Sigmund
  2006 | D:3      | Reached skill level 5 in Fighting
  2006 | D:3      | Reached XP level 4. HP: 26/42 MP: 4/4
  2006 | D:3      | Reached XP level 5. HP: 29/48 MP: 5/5
  2671 | D:3      | Reached XP level 6. HP: 53/56 MP: 6/6
  3063 | D:3      | Found a faded altar to an unknown god.
  3349 | D:4      | Noticed ldierk's ghost (amateur HOAK)
  3367 | D:4      | Killed ldierk's ghost
  3367 | D:4      | Reached skill level 5 in Long Blades
  3367 | D:4      | Reached XP level 7. HP: 31/62 MP: 7/7
  4011 | D:4      | Reached skill level 6 in Fighting
  4121 | D:4      | Found a staircase to the Ecumenical Temple.
  4159 | Temple   | Entered the Ecumenical Temple
  4450 | Temple   | Became a worshipper of Yredelemnul the Dark
  4511 | D:4      | Found Unterer's Assorted Antiques.
  4942 | D:5      | Entered Level 5 of the Dungeon
  5366 | D:5      | Reached XP level 8. HP: 52/71 MP: 8/8
  5810 | D:4      | Reached skill level 7 in Fighting
  6163 | D:5      | Hit by a stone thrown by an orc warrior

Vault maps used:
D:1:      dpeg_arrival_chambers_temple_mockup, tso_metal_star
D:3:      ecumenical_altar_2, uniq_sigmund
D:4:      minmay_temple_entry_large_hall, serial_bayou, serial_bayou_ford_a,
          serial_bayou_lagoon_a, serial_bayou_shore_b, serial_bayou_pond_d,
          serial_shops, shop, grunt_ministairs_4
D:5:      first_bread, guppyfry_early_orc_mine, uniq_prince_ribbit1
Temple:   grunt_circular_temple_18

Action                   |  1- 3 |  4- 6 |  7- 9 || total
-------------------------+-------+-------+-------++-------
Melee: Long sword        |   111 |   142 |   173 ||   426
  Use: Potion            |     1 |     1 |       ||     2
       Scroll            |     1 |       |       ||     1
  Eat: Chunk             |     2 |       |     1 ||     3
       Bread ration      |       |     1 |     1 ||     2
       Meat ration       |       |       |     1 ||     1
